 Dungeon Crawl Stone Soup version 0.32-a0-960-g3814254bd7 (webtiles) character file.

Game seed: 2101191540473897789

170 nel the Grave Robber (level 5, -2/35 HPs)
             Began as a Demonspawn Necromancer on Apr 17, 2024.
             Slain by an ogre
             ... wielding a +0 giant spiked club
              (23 damage)
             ... on level 4 of the Dungeon.
             The game lasted 00:16:21 (3424 turns).

nel the Grave Robber (Demonspawn Necromancer)       Turns: 3424, Time: 00:16:22

Health: -2/35      AC:  8    Str: 10    XL:     5   Next: 25%
Magic:  0/8        EV: 10    Int: 19    God:
Gold:   124        SH:  0    Dex: 14    Spells: 4/8 levels left

rFire   . . .        f - +0 whip (pain)
rCold   + . .        (no shield)
rNeg    . . .        t - +0 ring mail of Curiosity {+Blink Str+2 Int+2}
rPois   .            (helmet unavailable)
rElec   .            u - +0 cloak
rCorr   .            (no gloves)
SInv    +            (no boots)
Will    .....        (no amulet)
Stlth   +            o - ring of protection from cold
HPRegen 0.25/turn    (no ring)
MPRegen 0.11/turn

%: no passive effects
@: no status effects
A: antennae 3, thin metallic scales 1
a: Evoke Blink


You were on level 4 of the Dungeon.
You visited 1 branch of the dungeon, and saw 4 of its levels.

You collected 124 gold pieces.

Inventory:

Hand Weapons
 d - a +2 vampiric whip
 f - a +0 whip of pain (weapon)
 m - a +0 short sword
 r - a +0 long sword
Missiles
 v - 3 poisoned darts (quivered)
Armour
 q - a +0 leather armour
 t - the +0 ring mail of Curiosity (worn) {+Blink Str+2 Int+2}
   (You took it off an orc on level 3 of the Dungeon)

   Str+2:     It affects your strength (+2).
   Int+2:     It affects your intelligence (+2).
   +Blink:    It lets you blink.
 u - a +0 cloak (worn)
Jewellery
 o - a ring of protection from cold (left hand)
Scrolls
 c - 2 scrolls of blinking {unknown}
 h - 3 scrolls of enchant armour {unknown}
 j - a scroll of revelation {unknown}
 k - 2 scrolls of teleportation {unknown}
 l - 2 scrolls of fog {unknown}
Potions
 a - a potion of brilliance
 b - 2 potions of magic
 e - a potion of berserk rage
 g - a potion of haste
 i - a potion of heal wounds
 n - a potion of degeneration {unknown}
 p - 2 potions of lignification {unknown}
 s - a potion of curing {unknown}


   Skills:
 + Level 0.3 Long Blades
 + Level 3.1 Dodging
 - Level 1.7 Stealth
 - Level 2.0 Spellcasting
 * Level 6.4 Necromancy


You had 4 spell levels left.
You knew the following spells:

 Your Spells              Type           Power      Damage    Failure   Level
a - Necrotise             Necr           100%       1d9       3%          1
b - Vampiric Draining     Necr           26%        2d7       10%         3

Your spell library contained the following spells:

 Spells                   Type           Power      Damage    Failure   Level
 Animate Dead             Necr           26%        N/A       30%         4
 Brom's Barrelling Bould  Conj/Erth      1%         2d3       99%         4
 Olgreb's Toxic Radiance  Alch           1%         N/A       99%         4
 Curse of Agony           Necr           26%        N/A       65%         5
 Bombard                  Conj/Erth      0%         9d1       100%        6
 Ozocubu's Refrigeration  Ice            0%         4d7       100%        7
 Seismic Cannonade        Alch/Erth      0%         6d4       100%        7
 Discord                  Hex            0%         N/A       100%        8


Dungeon Overview and Level Annotations

Branches:
Dungeon (4/15)
 Temple: D:4-7

Altars:


Innate Abilities, Weirdness & Mutations

You have a pair of large antennae on your head. (SInv)
You are partially covered in thin metallic scales. (AC +2)


Message History

You throw a poisoned dart.
The poisoned dart completely misses the ogre.
Your hobgoblin skeleton completely misses the ogre.
Casting: Vampiric Draining (quite dangerous; 10% risk of failure)
Confirm with . or Enter, or press ? or * to list all spells.
Aiming: Necrotise (safe; 3% risk of failure)
Press: ? - help, Shift-Dir - straight line, f/p - ogre
Aim: an ogre, wielding a +0 giant spiked club (lightly wounded, very poisoned, ally target, chance to affect: 83%)
The ogre writhes in agony.
Your hobgoblin skeleton barely misses the ogre.
Unknown command.
Throw: 5 darts (poison)
Press: ? - help, Q - select action, (/) - cycle Shift-Dir - straight line, f/p - ogre
Aim: an ogre, wielding a +0 giant spiked club (lightly wounded, very poisoned, ally target, 71% to hit)
You throw a poisoned dart. The poisoned dart hits the ogre.
The ogre looks even sicker.
The ogre is lightly wounded.
Throw: 4 darts (poison)
Press: ? - help, Q - select action, (/) - cycle Shift-Dir - straight line, f/p - ogre
Aim: an ogre, wielding a +0 giant spiked club (moderately wounded, very poisoned, ally target, 71% to hit)
You throw a poisoned dart.
The poisoned dart barely misses the ogre.
Casting: Necrotise (safe; 3% risk of failure)
Confirm with . or Enter, or press ? or * to list all spells.
Aiming: Vampiric Draining (quite dangerous; 10% risk of failure)
Press: ? - help, Shift-Dir - straight line, f/p - ogre
Aim: an ogre, wielding a +0 giant spiked club (moderately wounded, very poisoned, ally target)
You draw life force from the ogre.
You feel life coursing into your body.
The ogre hits you with a +0 giant spiked club!
You barely miss the ogre.
The ogre is heavily wounded.
Your hobgoblin skeleton hits the ogre but does no damage.
You hit the ogre.
The ogre writhes in agony.
The ogre is severely wounded.
The ogre barely misses you.
Your hobgoblin skeleton hits the ogre.
You barely miss the ogre.
The ogre is severely wounded.
The ogre hits you with a +0 giant spiked club!!
Ouch! That really hurt!
You die...

....# .......
##.#######...###+###
##'###..##...##....##
................†<..#
.................)..#
#..##...##..........#
#+########..........#
.....##...###
......##.@.#####
####......O.....#
#....†.Z.....#
........(.....+
..............#
........(.....#
#######(##....# #(#
.ß..# ... .....


You could see an ogre (very poisoned, ally target) and a friendly hobgoblin
skeleton.

Vanquished Creatures
  A bombardier beetle (D:3)
  An iguana (D:4)
  2 adders
  A dart slug (D:2)
  3 ribbon worms
  7 orcs (D:3)
  4 endoplasms
  2 giant cockroaches
  9 goblins
  6 hobgoblins
  4 quokkas
  9 ball pythons
  8 bats
  3 frilled lizards
  8 kobolds
  7 rats
75 creatures vanquished.

Vanquished Creatures (collateral kills)
  An endoplasm (D:3)
  A hobgoblin (D:3)
  A quokka (D:2)
  A kobold (D:1)
4 creatures vanquished.

Grand Total: 79 creatures vanquished

Notes
Turn   | Place    | Note
-------+----------+-------------------------------------------
     0 | D:1      | nel the Demonspawn Necromancer began the quest for the Orb.
     0 | D:1      | Reached XP level 1. HP: 13/13 MP: 3/3
   277 | D:1      | Gained mutation: You have a pair of small antennae on your
                  | head. [demonic ancestry]
   277 | D:1      | Reached XP level 2. HP: 19/19 MP: 1/5
   513 | D:1      | Reached skill level 5 in Necromancy
  1328 | D:2      | Gained mutation: You are partially covered in thin metallic
                  | scales. (AC +2) [demonic ancestry]
  1328 | D:2      | Reached XP level 3. HP: 23/24 MP: 4/6
  1611 | D:2      | Learned a level 3 spell: Vampiric Draining
  2445 | D:3      | Gained mutation: You have a pair of antennae on your head.
                  | [demonic ancestry]
  2445 | D:3      | Reached XP level 4. HP: 30/30 MP: 5/7
  2571 | D:3      | Reached skill level 6 in Necromancy
  2760 | D:3      | Identified the +0 ring mail of Curiosity {+Blink Str+2
                  | Int+2}
  3267 | D:4      | Gained mutation: You have a pair of large antennae on your
                  | head. (SInv) [demonic ancestry]
  3267 | D:4      | Reached XP level 5. HP: 35/35 MP: 5/8
  3413 | D:4      | Noticed an ogre
  3424 | D:4      | Slain by an ogre

Illustrated notes

Levels and vault maps discovered:
D:1:      amcnicky_arrival_gap_in_the_tavern_cellar, layout_loops_ring,
          st_stairs_6, minmay_tiny_reverse_x
D:2:      layout_loops_corners
D:3:      minmay_chambers_of_threes, layout_loops_ring, grunt_ministairs_14
D:4:      layout_gridville, evilmike_ruin_ashenzari, temple_pool_b,
          grunt_ministairs_1, guppyfry_early_orc_mine

Skill      XL: |  1  2  3  4 |
---------------+-------------+-----
Dodging        | 2 3 |  3.1
Necromancy     | 5 6 |  6.4
Long Blades    | |  0.3
Stealth        | |  1.7
Spellcasting   | |  2.0

Action                     |  1- 3 |  4- 6 || total
---------------------------+-------+-------++-------
  Melee: Mace              |     6 |       ||     6
         Whip              |    76 |    81 ||   157
         Dagger            |     7 |       ||     7
         Short sword       |     5 |       ||     5
  Throw: Dart              |       |     5 ||     5
   Cast: Necrotise         |    56 |    18 ||    74
         Vampiric Draining |     1 |     5 ||     6
    Use: Scroll            |     3 |     1 ||     4
   Stab: Sleeping          |     1 |     1 ||     2
 Armour: Robe              |    70 |       ||    70
         Leather armour    |     4 |    34 ||    38
         Ring mail         |       |    18 ||    18
  Dodge: Dodged            |    61 |    47 ||   108

Table legend: (Time is in decaauts)
 A = Elapsed time spent in this place.
 B = Non-inter-level travel time spent in this place.
 C = Inter-level travel time spent in this place.
 D = Time resting spent in this place.
 E = Time spent auto-exploring this place.
 F = Levels seen in this place.
 G = Mean time per level.
                   A        B        C        D        E       F      G
               +--------+--------+--------+--------+--------+-----+--------+
         Total |   3437 |   3295 |    142 |     59 |   2379 |   4 |  859.2 |
       Dungeon |   3437 |   3295 |    142 |     59 |   2379 |   4 |  859.2 |
               +--------+--------+--------+--------+--------+-----+--------+

Top non-repeatable levels by time:
     D:2: 1184 daAuts
     D:3: 1104 daAuts
     D:1: 960 daAuts
     D:4: 187 daAuts
